 Dungeon Crawl Stone Soup version 0.28.0-53-g5a82cb258f (webtiles) character file.

Game seed: 14039634673032195091

24 Zeld the Insei (level 3, -1/23 HPs)
             Began as an Octopode Transmuter on May 25, 2022.
             Slain by a dart slug (2 damage)
             ... on level 1 of the Dungeon.
             The game lasted 00:00:54 (790 turns).

Zeld the Insei (Octopode Transmuter)                 Turns: 790, Time: 00:00:55

Health: -1/23      AC:  1    Str: 11    XL:     3   Next: 2%
Magic:  5/6        EV: 13    Int: 15    God:
Gold:   15         SH:  0    Dex: 12    Spells: 5/6 levels left

rFire   . . .      SeeInvis .     - Unarmed
rCold   . . .      Faith    .   (no shield)
rNeg    . . .      Spirit   .   (helmet currently unavailable)
rPois   .          Reflect  .   (no amulet)
rElec   .          Harm     .   (no ring)
rCorr   .          Rampage  .   (no ring)
Will    .....                   (no ring)
Stlth   ++........              (no ring)
HPRegen 0.07/turn               (no ring)
MPRegen 0.10/turn               (no ring)
                                (no ring)
                                (no ring)

@: appendages (expiring)
A: tentacle spike 3, almost no armour, amphibious, 8 rings, camouflage 1,
gelatinous body 1, (nimble swimmer 1), tentacles
a: End Transformation


You were on level 1 of the Dungeon.
One of your tentacles had grown a beastly spike.
You visited 1 branch of the dungeon, and saw 1 of its levels.

You collected 15 gold pieces.

Inventory:

Scrolls
 a - 2 scrolls of identify {unknown}
 b - a scroll of enchant armour {unknown}


   Skills:
 + Level 1.2 Fighting
 - Level 2.0 Dodging
 + Level 0.9 Stealth
 - Level 3.0 Unarmed Combat
 * Level 2.4 Spellcasting
 * Level 2.4 Transmutations
 + Level 0.4 Ice Magic
 + Level 0.6 Poison Magic


You had 5 spell levels left.
You knew the following spells:

 Your Spells              Type           Power      Damage    Failure   Level
a - Beastly Appendage     Tmut           18%        N/A       8%          1

Your spell library contained the following spells:

 Spells                   Type           Power      Damage    Failure   Level
 Wereblood                Tmut           9%         N/A       12%         2
 Spider Form              Tmut/Pois      6%         N/A       34%         3
 Ice Form                 Ice/Tmut       6%         N/A       75%         4


Dungeon Overview and Level Annotations

Branches:
Dungeon (1/15)

Altars:


Innate Abilities, Weirdness & Mutations

One of your tentacles has grown a beastly spike.
You cannot wear most types of armour.
You are amphibious.
You can wear up to eight rings at the same time.
Your skin changes colour to match your surroundings (Stealth+).
Your rubbery body absorbs attacks. (AC +1, EV +1)
((You are camouflaged when in or above water. (Stealth+)))
You have tentacles for arms and can constrict up to eight enemies at once.


Message History

The dart slug launches a dart at you. The slug dart hits you.
You tentacle-slap the giant cockroach but do no damage.
You grab the giant cockroach.
You pierce the giant cockroach, but do no damage.
You constrict the giant cockroach. The giant cockroach bites you.
The dart slug launches a dart at you. The slug dart hits you.
You are too injured to fight recklessly!
You are too injured to fight recklessly!
You are too injured to fight recklessly!
You release your grip on the giant cockroach.
The giant cockroach misses you. The giant cockroach misses you.
You tentacle-slap the giant cockroach but do no damage.
You grab the giant cockroach. You squeeze the giant cockroach.
You kill the giant cockroach!
You have reached level 3!
Your experience leads to an increase in your attributes!
Increase (S)trength, (I)ntelligence, or (D)exterity?
You feel stronger. x2
You tentacle-slap the rat but do no damage.
Your grab misses the rat. The rat closely misses you.
You closely miss the rat. Your grab misses the rat.
You pierce the rat.
The rat is moderately wounded.
The rat closely misses you.
You closely miss the rat. You grab the rat. You tentacle-slap the rat.
The rat is severely wounded.
You constrict the rat, but do no damage.
The rat bites you.
You tentacle-slap the rat but do no damage.
The rat is severely wounded.
Your transformation is almost over.
You constrict the rat.
You kill the rat!
The dart slug launches a dart at you. The slug dart hits you.
* * * LOW HITPOINT WARNING * * *
The dart slug bites you.
You die...

♣.♣...♣..............####.#.##.
♣..<....♣..♣#.#####.####.#.##.
♣.♣...♣.♣..♣♣#.#####.##...#....
♣♣♣..♣♣♣♣♣ #.......##...#####
♣♣♣♣ ####....##........
#.................
#.##....####...... #.##....#
#...... #@##....# #......
#w)...### #...... #......####.#
..... #...... .... .... #......
..B..# ######. ......# #.
......# #. ......# .. ....


You could see a dart slug.

Vanquished Creatures
  2 endoplasms (D:1)
  2 giant cockroaches (D:1)
  4 goblins (D:1)
  2 hobgoblins (D:1)
  4 jackals (D:1)
  A ball python (D:1)
  A frilled lizard (D:1)
  A kobold (D:1)
  4 rats (D:1)
21 creatures vanquished.

Notes
Turn   | Place    | Note
-------+----------+-------------------------------------------
     0 | D:1      | Zeld the Octopode Transmuter began the quest for the Orb.
     0 | D:1      | Reached XP level 1. HP: 13/13 MP: 3/3
   293 | D:1      | Reached XP level 2. HP: 17/18 MP: 3/5
   559 | D:1      | Found a faded altar of an unknown god.
   786 | D:1      | Reached XP level 3. HP: 9/23 MP: 4/6
   789 | D:1      | HP: 1/23 [dart slug/slug dart (6)]
   790 | D:1      | Slain by a dart slug

Illustrated notes

Levels and vault maps discovered:
D:1:      roderic_dead_forest, layout_basic,
          shapermc_ecumenical_altar_notcrosses

Action                   || total
-------------------------++-------
Melee: Unarmed           ||    47
       Constrict         ||    19
       Kick              ||    14
       Tentacles         ||     8
       Punch             ||     1
 Cast: Beastly Appendage ||    16
 Stab: Sleeping          ||     3
Armor: Skin              ||     1
Dodge: Dodged            ||    40
